 Seeded DCSS version 0.28-a0-1518-gbe868bca14 (webtiles) character file.

Game seed: 14539205175287076395 (custom seed)

1095 innerfire433 the Twirler (level 8, 0/57 HPs)
             Began as a Minotaur Venom Mage on Jan 16, 2022.
             Was an Initiate of Gozag.
             Slain by an ogre (10 damage)
             ... on level 5 of the Dungeon.
             The game lasted 00:12:59 (5404 turns).

innerfire433 the Twirler (Minotaur Venom Mage)      Turns: 5404, Time: 00:13:00

Health: 0/57       AC:  4    Str: 15    XL:     8   Next: 10%
Magic:  6/9        EV: 12    Int: 12    God:    Gozag
Gold:   573        SH:  5    Dex: 11    Spells: 9/10 levels left

rFire   . . .      SeeInvis .   d - staff of poison
rCold   . . .      Faith    .   (no shield)
rNeg    . . .      Spirit   .   a - +0 robe
rPois   +          Reflect  +   (helmet restricted)
rElec   .          Harm     .   n - +0 cloak
rCorr   .          Rampage  .   h - +0 pair of gloves
Will    .....                   (no boots)
Stlth   ++........              j - amulet of reflection
HPRegen 0.19/turn               p - ring of willpower
MPRegen 0.11/turn               (no ring)

@: weak-willed
A: horns 2, retaliatory headbutt
a: Renounce Religion, Potion Petition, Call Merchant, Bribe Branch


You were on level 5 of the Dungeon.
You worshipped Gozag.
Gozag was pleased with you.
You visited 1 branch of the dungeon, and saw 5 of its levels.

You collected 648 gold pieces.
You spent 75 gold pieces at shops.

Inventory:

Hand Weapons
 c - a +2 scythe of venom
Armour
 a - a +0 robe (worn)
 h - a +0 pair of gloves (worn)
 n - a +0 cloak (worn)
Magical Staves
 d - a staff of poison (weapon)
Jewellery
 j - an amulet of reflection (around neck)
 p - a ring of willpower (left hand)
Wands
 q - a wand of polymorph (10)
Scrolls
 e - a scroll of identify {unknown}
 i - 2 scrolls of teleportation {unknown}
 m - a scroll of magic mapping {unknown}
Potions
 f - a potion of mutation {unknown}
 g - a potion of brilliance {unknown}
 k - a potion of resistance {unknown}
 l - a potion of magic {unknown}
 o - a potion of haste {unknown}


   Skills:
 * Level 7.6 Staves
 - Level 2.1 Dodging
 - Level 1.6 Stealth
 - Level 1.0 Shields
 - Level 1.5 Spellcasting
 - Level 0.7 Transmutations
 + Level 4.5 Poison Magic
 * Level 3.6 Evocations


You had 9 spell levels left.
You knew the following spells:

 Your Spells              Type           Power      Damage    Failure   Level
a - Sting                 Tmut/Pois      40%        1d5       10%         1

Your spell library contained the following spells:

 Spells                   Type           Power      Damage    Failure   Level
 Poisonous Vapours        Pois/Air       18%        N/A       17%         2
 Corpse Rot               Necr/Air       0%         N/A       41%         2
 Olgreb's Toxic Radiance  Pois           17%        N/A       41%         4
 Mephitic Cloud           Conj/Pois/Air  6%         N/A       43%         3


Dungeon Overview and Level Annotations

Branches:
Dungeon (5/15)
 Temple: D:4-7

Altars:
Cheibriados
Gozag
Zin

Shops:
D:1 !   D:4 !

Annotations:
D:5 2 transporters, Dowan, Duvessa


Innate Abilities, Weirdness & Mutations

You have a pair of horns on your head.
You reflexively headbutt those who attack you in melee.


Message History

Menkaure seems to speed up.
You hit Menkaure. You headbutt Menkaure.
Menkaure is heavily damaged.
Menkaure hits you!!
You barely miss Menkaure. You headbutt Menkaure.
Menkaure is heavily damaged.
Dowan says, "My weaknesses are her strengths!"
Menkaure hits you!
You hit Menkaure. You headbutt Menkaure!
You destroy Menkaure!
Duvessa completely misses you. You furiously retaliate!
You headbutt Duvessa.
You have reached level 8!
You feel stronger. Dowan hits you with a +0 dagger.
You see here 6 gold pieces.
Found a leather armour.
Duvessa says, "When magic and the sword combine, nothing stands against them."
The ogre misses you. You furiously retaliate!
You headbutt the ogre.
Dowan casts a spell at Duvessa.
Duvessa seems to speed up.
Casting: Sting (safe; 10% risk of failure)
Confirm with . or Enter, or press ? or * to list all spells.
Aiming: Sting (safe; 10% risk of failure)
Press: ? - help, Shift-Dir - straight line, f - ogre
Aim: an ogre, wielding a +0 giant club (lightly wounded, 86% to hit)
You feel a surge of power!
The sting hits the ogre.
The ogre is poisoned.
The ogre is moderately wounded.
The ogre barely misses you.
You barely miss the ogre.
The ogre is moderately wounded.
The ogre hits you with a +0 giant club!!
* * * LOW HITPOINT WARNING * * *
Okay, then.
You feel better.
You see here a +0 leather armour.
As you read the scroll labelled LIMIPI WUUV, it crumbles to dust.
Magic quickly surges around you.
It was a scroll of vulnerability.
The ogre hits you with a +0 giant club!
You die...
Your body crumbles into a pile of gold.

#.####.###+##
#......#≈...≈ ##
######.#≈...≈ ..
#.#≈...≈ #.
#.#≈.♣.≈ #.
#.#≈.(.≈ #.
########.#S...≈
#.###.....$..#S...≈
#.@Oee.......###+##
#.###........#P./.P
#. ########.#8.©.8
#. #.###### ##
#....©.. #......#
.....##


You could see Duvessa (fast, weak-willed), an ogre (poisoned, weak-willed) and
Dowan (weak-willed).

Vanquished Creatures
  Sigmund (D:3)
  Menkaure (D:5)
  A hornet zombie (D:5)
  An ogre (D:4)
  A necrophage (D:4)
  Blork the orc (D:4)
  A hound (D:5)
  A jelly (D:4)
  A bullfrog skeleton (D:5)
  An iguana (D:5)
  A scorpion zombie (D:5)
  Ijyb (D:5)
  Terence (D:3)
  Natasha (D:3)
  A hound zombie (D:5)
  7 adders
  A worm (D:4)
  A dart slug (D:2)
  2 orcs
  5 ball pythons
  6 endoplasms
  A giant cockroach (D:3)
  6 goblins
  8 hobgoblins
  4 jackals (D:3)
  2 quokkas
  6 bats
  3 frilled lizards (D:2)
  5 kobolds
  2 rats
74 creatures vanquished.

Vanquished Creatures (collateral kills)
  Eustachio (D:4)
1 creature vanquished.

Grand Total: 75 creatures vanquished

Notes
Turn   | Place    | Note
-------+----------+-------------------------------------------
     0 | D:1      | innerfire433 the Minotaur Venom Mage began the quest for
                  | the Orb.
     0 | D:1      | Reached XP level 1. HP: 14/14 MP: 1/1
   351 | D:1      | Found a faded altar of an unknown god.
   375 | D:1      | Prayed at the altar of an unknown god.
   375 | D:1      | Became a worshipper of Gozag Ym Sagoz the Greedy
   468 | D:1      | Reached XP level 2. HP: 20/20 MP: 3/3
   654 | D:1      | Found Piemic's Distillery.
   662 | D:1      | Bought a potion of curing for 42 gold pieces
   936 | D:2      | Reached skill level 1 in Staves
   979 | D:2      | Reached XP level 3. HP: 5/26 MP: 1/4
  1252 | D:2      | Reached skill level 1 in Evocations
  1905 | D:3      | Noticed Sigmund
  1918 | D:3      | Killed Sigmund
  1919 | D:3      | Reached skill level 3 in Staves
  1919 | D:3      | Reached XP level 4. HP: 9/33 MP: 0/5
  1919 | D:3      | Reached XP level 5. HP: 11/38 MP: 0/6
  2183 | D:3      | Found a glowing silver altar of Zin.
  2203 | D:3      | Noticed Terence
  2212 | D:3      | Killed Terence
  2476 | D:3      | Found a snail-covered altar of Cheibriados.
  2880 | D:3      | Noticed Natasha
  2887 | D:3      | Killed Natasha
  2888 | D:3      | Reached XP level 6. HP: 39/45 MP: 5/7
  3020 | D:4      | Reached skill level 4 in Staves
  3045 | D:4      | Noticed Eustachio
  3069 | D:4      | Killed Eustachio
  3070 | D:4      | Reached skill level 1 in Shields
  3214 | D:4      | Reached skill level 5 in Staves
  3214 | D:4      | Reached XP level 7. HP: 47/50 MP: 6/8
  3297 | D:4      | Noticed Blork the orc
  3316 | D:4      | Killed Blork the orc
  3507 | D:4      | Reached skill level 6 in Staves
  3940 | D:4      | Found Fitrooku's Distillery.
  3943 | D:4      | Bought a potion of curing for 33 gold pieces
  4233 | D:5      | Entered Level 5 of the Dungeon
  4243 | D:5      | HP: 2/50 [hornet zombie (10)]
  4790 | D:5      | Reached skill level 7 in Staves
  5070 | D:5      | Found a transporter.
  5102 | D:5      | Found a transporter.
  5195 | D:5      | Noticed Ijyb
  5208 | D:5      | Killed Ijyb
  5382 | D:5      | Noticed Dowan
  5382 | D:5      | Noticed Menkaure
  5382 | D:5      | Noticed Duvessa
  5390 | D:5      | Killed Menkaure
  5391 | D:5      | Reached XP level 8. HP: 22/57 MP: 5/9
  5401 | D:5      | HP: 1/57 [ogre (21)]
  5404 | D:5      | Slain by an ogre

Illustrated notes

Levels and vault maps discovered:
D:1:      dpeg_arrival_rooms_c, layout_basic,
          dreamdust_ecumenical_altar_angels_and_demons, serial_shops,
          nicolae_shop_hallway_plus
D:2:      layout_rooms
D:3:      layout_basic, mainiacjoe_overflow_cross_hatched,
          general_overflow_altar, kennysheep_cross_bottleneck, uniq_natasha,
          uniq_sigmund, uniq_terence
D:4:      layout_loops_corners, serial_shops, kennysheep_mini, uniq_eustachio,
          uniq_blork_the_orc
D:5:      gammafunk_steamed_eel, layout_loops_cross, xom_butterflies,
          uniq_duvessa, uniq_menkaure, uniq_ijyb

Skill      XL: |  1  2  3  4  5  6  7 |
---------------+----------------------+-----
Staves         | 1 3 5 7 |  7.6
Evocations     | 2 3 |  3.6
Poison Magic   | 3 4 |  4.5
Shields        | 1 |  1.0
Dodging        | |  2.1
Stealth        | |  1.6
Spellcasting   | |  1.5
Transmutations | |  0.7

Action                   |  1- 3 |  4- 6 |  7- 9 || total
-------------------------+-------+-------+-------++-------
Melee: Unarmed           |    14 |       |       ||    14
       Staff             |    67 |    54 |   101 ||   222
       Headbutt          |    11 |     9 |    32 ||    52
       Punch             |     1 |       |       ||     1
 Cast: Sting             |    14 |    12 |     9 ||    35
  Use: Potion            |     2 |       |     3 ||     5
       Scroll            |       |     1 |     1 ||     2
 Stab: Distracted        |       |     1 |       ||     1
       Sleeping          |       |       |     1 ||     1
Armor: Robe              |    21 |     9 |     9 ||    39
Dodge: Dodged            |    61 |    33 |    51 ||   145
Block: Other             |     4 |    15 |    24 ||    43
       Reflection        |       |     1 |       ||     1

Table legend: (Time is in decaauts)
 A = Elapsed time spent in this place.
 B = Non-inter-level travel time spent in this place.
 C = Inter-level travel time spent in this place.
 D = Time resting spent in this place.
 E = Time spent auto-exploring this place.
 F = Levels seen in this place.
 G = Mean time per level.
                   A        B        C        D        E       F      G
               +--------+--------+--------+--------+--------+-----+--------+
         Total |   5401 |   5221 |    180 |      0 |   4428 |   5 | 1080.2 |
       Dungeon |   5401 |   5221 |    180 |      0 |   4428 |   5 | 1080.2 |
               +--------+--------+--------+--------+--------+-----+--------+

Top non-repeatable levels by time:
     D:4: 1530 daAuts
     D:3: 1231 daAuts
     D:2: 945 daAuts
     D:5: 889 daAuts
     D:1: 803 daAuts
